 Dungeon Crawl Stone Soup version 0.27-a0-12-g5dcdf963e0 (webtiles) character file.

Game seed: 9353476285675023953

1977 Krisvor the Geomancer (level 9, -6/48 HPs)
             Began as a Gargoyle Earth Elementalist on Jan 2, 2021.
             Was an Initiate of Vehumet.
             Mangled by a two-headed ogre
             ... wielding a +0 giant club
              (23 damage)
             ... on level 8 of the Dungeon.
             The game lasted 00:17:41 (7047 turns).

Krisvor the Geomancer (Gargoyle Earth Elementalist) Turns: 7047, Time: 00:17:41

Health: -6/48      AC:  8    Str: 13    XL:     9   Next: 20%
Magic:  18/18      EV: 12    Int: 18    God:    Vehumet [......]
Gold:   268        SH:  0    Dex: 10    Spells: 11/20 levels left

rFire    + . .     SeeInvis .   d - +2 short sword (flame)
rCold    + . .     Faith    .   (no shield)
rNeg     + . .     Spirit   .   c - +0 robe
rPois    ∞         Reflect  .   (no helmet)
rElec    +         Harm     .   z - scarf {rC+ rF+}
rCorr    .         Rampage  .   (no gloves)
Will     .....                  (no boots)
Stlth    ++........             l - amulet of regeneration
HPRegen  0.56/turn              (no ring)
MPRegen  0.16/turn              (no ring)

@: no status effects
A: negative energy resistance 1, electricity resistance, unbreathing,
petrification resistance, miasma immunity, AC +6
a: Renounce Religion


You were on level 8 of the Dungeon.
You worshipped Vehumet.
Vehumet was noncommittal.
You visited 2 branches of the dungeon, and saw 9 of its levels.

You collected 268 gold pieces.

Inventory:

Hand Weapons
 a - a +2 mace of protection
 d - a +2 short sword of flaming (weapon)
 q - a +0 flail
 u - a +0 dire flail
Missiles
 b - 165 stones (quivered)
Armour
 c - a +0 robe (worn)
 k - a +0 helmet
 p - a +1 cloak of willpower
 z - a scarf of resistance (worn)
Jewellery
 l - an amulet of regeneration (around neck)
 x - an uncursed ring of fire
Wands
 g - a wand of polymorph (14)
 r - a wand of enslavement (12)
Scrolls
 m - 4 scrolls of remove curse
 t - a scroll of amnesia
 v - a scroll of magic mapping
 y - 2 scrolls of teleportation
Potions
 e - 2 potions of ambrosia
 f - a potion of brilliance
 h - 2 potions of might
 i - 5 potions of flight
 j - a potion of attraction
 n - 2 potions of resistance
 o - a potion of lignification
 s - 2 potions of curing
 w - a potion of magic
 A - a potion of haste {unknown}


   Skills:
 + Level 2.1 Fighting
 + Level 2.0 Maces & Flails
 + Level 2.2 Armour
 + Level 2.4 Dodging
 - Level 2.1 Stealth
 + Level 6.0 Spellcasting
 + Level 6.1 Conjurations
 - Level 0.7 Transmutations
 + Level 8.3 Earth Magic
 + Level 1.8 Evocations


You had 11 spell levels left.
You knew the following spells:

 Your Spells              Type           Power        Failure   Level
a - Sandblast             Erth           70%          1%          1
b - Stone Arrow           Conj/Erth      62%          1%          3
c - Lee's Rapid Deconstr  Erth           17%          11%         5

Your spell library contained the following spells:

 Spells                   Type           Power        Failure   Level
 Magic Dart               Conj           100%         1%          1
 Passwall                 Tmut/Erth      17%          2%          2
 Conjure Flame            Conj/Fire      16%          11%         3
 Mephitic Cloud           Conj/Pois/Air  12%          16%         3
 Blink                    Tloc           N/A          19%         2
 Call Imp                 Summ           5%           19%         2
 Slow                     Hex            5%           19%         2
 Petrify                  Tmut/Erth      21%          19%         4
 Confusing Touch          Hex            5%           34%         3
 Gell's Gravitas          Tloc           2%           34%         3
 Yara's Violent Unravell  Hex/Tmut       3%           96%         5
 Metabolic Englaciation   Hex/Ice        2%           97%         5


Dungeon Overview and Level Annotations

Branches:
Dungeon (8/15)             Temple (1/1) D:7
   Lair: D:8-11

Altars:
Ashenzari
Dithmenos
Elyvilon
Hepliaklqana
Kikubaaqudgha
Makhleb
Qazlal
Sif Muna
Uskayaw
Vehumet
Wu Jian
Yredelemnul
Zin


Innate Abilities, Weirdness & Mutations

You are resistant to torment.
Your stone body is resilient. (AC +6)
You are immune to poison.
You resist negative energy. (rN+)
You are resistant to electric shocks. (rElec)
You can survive without breathing.
You are immune to petrification.
You are immune to miasma.


Message History

Aiming: Enslavement
Press: ? - help, Shift-Dir - straight line, f/p - two-headed ogre
Aim: a two-headed ogre, wielding two +0 giant clubs (chance to affect: 33%)
The two-headed ogre easily resists.
The two-headed ogre barely misses you.
The two-headed ogre hits you with a +0 giant club!
Evoke which item? (* to show all) (? for menu, Esc to quit)
Aiming: Enslavement
Press: ? - help, Shift-Dir - straight line, f/p - two-headed ogre
Aim: a two-headed ogre, wielding two +0 giant clubs (chance to affect: 33%)
The two-headed ogre easily resists.
The two-headed ogre barely misses you.
The two-headed ogre hits you with a +0 giant club!
* * * LOW HITPOINT WARNING * * *
Evoke which item? (* to show all) (? for menu, Esc to quit)
Aiming: Enslavement
Press: ? - help, Shift-Dir - straight line, f/p - two-headed ogre
Aim: a two-headed ogre, wielding two +0 giant clubs (chance to affect: 33%)
The two-headed ogre easily resists.
You feel better.
The two-headed ogre hits you with a +0 giant club!!
You die...

##.##.#.#.##..#
#.##.#.#<.....
#..#.#.#.##..#
##.#.#.#.# ..#
#...#.... ..#
##..###.##..#
#...........#
####.#.###.#..#####
+.......@Os.?.....#
####.#..##.#..#####
#+#...#.#..#
.....#.#..#
............
+......#..##.##
#......#..# .#
####....... .#


You could see a two-headed ogre and a scorpion.

Vanquished Creatures
  Sigmund (D:3)
  2 ice beasts
  A black bear (D:7)
  4 ogres
  Blork the orc (D:6)
  2 bullfrogs (D:6)
  A water moccasin zombie (D:6)
  A howler monkey (D:7)
  A centaur zombie (D:4)
  3 hounds
  A bullfrog zombie (D:5)
  Crazy Yiuf (D:3)
  2 orc priests
  3 orc wizards
  2 bullfrog skeletons (D:5)
  A gnoll shaman (D:5)
  Natasha (thrice) (D:3)
  2 iguanas
  2 worker ants (D:6)
  Robin (D:4)
  A howler monkey zombie (D:7)
  A worker ant zombie (D:7)
  3 gnolls (D:5)
  9 adders
  2 shadow imps
  5 white imps
  3 ufetubi (D:5)
  2 oozes
  6 worms
  3 dart slugs
  2 leopard geckos (D:1)
  14 orcs
  6 giant cockroaches
  16 goblins
  15 hobgoblins
  3 quokkas
  6 bats
  5 frilled lizards
  A giant cockroach zombie (D:5)
  A jackal skeleton (D:3)
  9 kobolds
  2 leopard gecko zombies
  6 rats
156 creatures vanquished.

Notes
Turn   | Place    | Note
-------+----------+-------------------------------------------
     0 | D:1      | Krisvor the Gargoyle Earth Elementalist began the quest for
                  | the Orb.
     0 | D:1      | Reached XP level 1. HP: 10/10 MP: 3/3
   236 | D:1      | Reached XP level 2. HP: 10/15 MP: 5/5
   238 | D:1      | Reached skill level 4 in Earth Magic
   511 | D:1      | Reached XP level 3. HP: 18/19 MP: 6/6
  1086 | D:1      | Learned a level 3 spell: Stone Arrow
  1293 | D:2      | Reached XP level 4. HP: 17/24 MP: 8/8
  1421 | D:2      | Reached skill level 1 in Conjurations
  1531 | D:2      | Found a faded altar of an unknown god.
  1907 | D:2      | Reached skill level 5 in Earth Magic
  2378 | D:3      | Found a basalt altar of Yredelemnul.
  2461 | D:3      | Reached XP level 5. HP: 28/28 MP: 8/10
  2467 | D:3      | Learned a level 5 spell: Lee's Rapid Deconstruction
  2724 | D:3      | Noticed Sigmund
  2729 | D:3      | Killed Sigmund
  2730 | D:3      | Reached XP level 6. HP: 32/32 MP: 6/12
  2961 | D:3      | Noticed Natasha
  2971 | D:3      | Killed Natasha
  3169 | D:3      | Noticed Natasha
  3173 | D:3      | Killed Natasha
  3174 | D:3      | Reached skill level 6 in Earth Magic
  3247 | D:3      | Noticed Natasha
  3250 | D:3      | Killed Natasha
  3297 | D:3      | Found a runed translucent door.
  3298 | D:3      | Noticed Crazy Yiuf
  3305 | D:3      | Killed Crazy Yiuf
  3566 | D:4      | Reached XP level 7. HP: 34/36 MP: 9/13
  3852 | D:4      | Noticed Robin
  3875 | D:4      | Killed Robin
  4345 | D:5      | Entered Level 5 of the Dungeon
  4428 | D:5      | Reached skill level 7 in Earth Magic
  4436 | D:5      | Reached skill level 5 in Spellcasting
  4623 | D:5      | Reached XP level 8. HP: 41/41 MP: 15/15
  4692 | D:5      | Reached skill level 5 in Conjurations
  5432 | D:6      | Found a broken altar of Ashenzari.
  5477 | D:6      | Noticed Blork the orc
  5480 | D:6      | Killed Blork the orc
  5481 | D:6      | Reached skill level 1 in Fighting
  5481 | D:6      | Reached skill level 8 in Earth Magic
  5536 | D:6      | Reached skill level 1 in Maces & Flails
  5536 | D:6      | Reached skill level 1 in Armour
  5536 | D:6      | Reached skill level 1 in Evocations
  5638 | D:6      | Found a hazy altar of Hepliaklqana.
  5939 | D:7      | Reached XP level 9. HP: 48/48 MP: 13/17
  6011 | D:7      | Found a staircase to the Ecumenical Temple.
  6026 | Temple   | Entered the Ecumenical Temple
  6119 | Temple   | Became a worshipper of Vehumet
  6458 | D:7      | Found an ornate altar of the Wu Jian Council.
  6839 | D:7      | Noticed a spectral centipede
  7035 | D:8      | Noticed a two-headed ogre
  7047 | D:8      | Mangled by a two-headed ogre

Illustrated notes

Levels and vault maps discovered:
D:1:      dpeg_arrival_circle_labyrinth_c, layout_basic, minmay_pentomino_z4
D:2:      layout_loops_ring, chequers_ecumenical_altar_island
D:3:      layout_basic, yredelemnul_altar_generic,
          chequers_serial_rivers_micro_a, grunt_decor_arrowhead, uniq_natasha,
          uniq_sigmund, uniq_crazy_yiuf_cottage
D:4:      layout_loops_ring, uniq_robin
D:5:      layout_basic
D:6:      layout_loops_ring, kennysheep_mini, kennysheep_little_box,
          uniq_blork_the_orc
D:7:      layout_cave_pools, pdpol_wu_jian_five_deadly_venoms, temple_doors_ab,
          serial_rivers, chequers_serial_rivers_large_a,
          chequers_serial_rivers_micro_a, chequers_serial_rivers_room_b,
          chequers_serial_rivers_small_3, chequers_serial_rivers_room_b,
          chequers_serial_rivers_marsh, grunt_decor_one_mirror
D:8:      layout_basic, xom_teletrap_fun, okawaru_humans,
          erik_lair_orcish_takeover, serial_shops, nicolae_shop_behind_doors
Temple:   eino_temple_scatter_basement

Skill      XL: |  1  2  3  4  5  6  7  8  9 |
---------------+----------------------------+-----
Earth Magic    | 4 5 6 7 8 |  8.3
Spellcasting   | 3 4 5 6 |  6.0
Conjurations   | 1 3 4 5 6 |  6.1
Fighting       | 1 2 |  2.1
Maces & Flails | 1 2 |  2.0
Armour         | 1 2 |  2.2
Dodging        | 2 |  2.4
Evocations     | 1 |  1.8
Stealth        | |  2.1
Transmutations | |  0.7

Action                   |  1- 3 |  4- 6 |  7- 9 || total
-------------------------+-------+-------+-------++-------
Melee: Short sword       |    90 |   141 |   240 ||   471
 Cast: Sandblast         |     7 |    19 |    68 ||    94
       Stone Arrow       |       |       |     1 ||     1
       Lee's Rapid Decon |       |       |     5 ||     5
Evoke: Wand              |       |       |     7 ||     7
  Use: Scroll            |       |     9 |     8 ||    17
       Potion            |       |       |     1 ||     1
 Stab: Sleeping          |     1 |     2 |     1 ||     4
Armor: Robe              |    33 |    66 |    98 ||   197
Dodge: Dodged            |    71 |    97 |   158 ||   326

Table legend: (Time is in decaauts)
 A = Elapsed time spent in this place.
 B = Non-inter-level travel time spent in this place.
 C = Inter-level travel time spent in this place.
 D = Time resting spent in this place.
 E = Time spent auto-exploring this place.
 F = Levels seen in this place.
 G = Mean time per level.
                   A        B        C        D        E       F      G
               +--------+--------+--------+--------+--------+-----+--------+
         Total |   7112 |   6902 |    210 |    756 |   4666 |   9 |  790.2 |
       Dungeon |   6911 |   6714 |    197 |    664 |   4588 |   8 |  863.9 |
        Temple |    201 |    188 |     13 |     92 |     78 |   1 |  201.0 |
               +--------+--------+--------+--------+--------+-----+--------+

Top non-repeatable levels by time:
     D:2: 1198 daAuts
     D:1: 1188 daAuts
     D:3: 1149 daAuts
     D:7: 915 daAuts
     D:4: 841 daAuts
     D:5: 817 daAuts
     D:6: 709 daAuts
  Temple: 201 daAuts
     D:8: 91 daAuts
